[Event "*** Titled Tuesday Blitz"]
[Site "Chess.com"]
[Date "2020.03.03"]
[Round "4"]
[White "AndreyNeves"]
[Black "mortngabriel"]
[Result "1-0"]
[WhiteElo "2186"]
[BlackElo "2391"]
[TimeControl "180+1"]
[EndTime "9:43:13 PST"]
[Termination "AndreyNeves won on time"]

1. d4 Nf6 2. c4 c5 3. d5 b5 4. cxb5 a6 5. b6 d6 6. Nc3 Nbd7 7. a4 Qxb6 8. a5 Qc7 9. e4 g6 10. Nf3 Bg7 11. Be2 O-O 12. O-O e6 13. Nd2 exd5 14.
exd5 Ne5 15. h3 c4 16. Ra4 Bd7 17. Ra3 Rab8 18. Nf3 Nxf3+ 19. Bxf3 Bf5 20. Re1 Rfe8 21.
Rxe8+ Rxe8 22. Bf4 Ne4 23. Nxe4 Bxe4 24. Bxe4 Rxe4 25.
Qd2 Bxb2 26. Qxb2 Rxf4 27. Qb6 Qe7 28. Re3 Re4 29. Rxe4 Qxe4 30. Qxd6 c3 31. Qc5 c2 32. Qc8+ Kg7 33. Qc3+ f6 34. d6 Qe2 35. Kh2 Qd1 36. d7 c1=Q 37. Qxc1 Qxc1 38. d8=Q Qf4+ 39. Kg1 Qe5 40. Qd7+ Kh6 41. Qd8 Qe1+ 42. Kh2 Qxf2 43. Qd3 Qc5 44. Qd2+ g5 45. g4 Kg6 46. Kg2 Qe5 47. Kg1 Kh6 48. Kg2 Qf4 49. Qd3 Qe5 50. Qd7 Kg6 51. Qc8 Qb2+ 52. Kg3 Qa3+ 53. Kg2 Qa2+ 54.
Kf1 Qb1+ 55. Kg2 Qb2+ 56. Kf1 Qb4 57. Qg8+ Kh6 58. Qf7 1-0

[Event "*** Titled Tuesday Blitz"]
[Site "Chess.com"]
[Date "2020.03.03"]
[Round "4"]
[White "Galileo22"]
[Black "ZenBull"]
[Result "0-1"]
[WhiteElo "2296"]
[BlackElo "2133"]
[TimeControl "180+1"]
[EndTime "9:43:14 PST"]
[Termination "ZenBull won by checkmate"]

1. d4 Nf6 2. Bg5 d5 3. Nd2 e6 4. e3 h6 5. Bh4 c5 6. c3 Nc6 7. Ngf3 Bd6 8. dxc5 Bxc5 9. b4 Be7 10. a3 O-O 11. Be2 b6 12. Qc2 Bb7 13. Qb2 Rc8 14. O-O Qc7 15. c4 dxc4 16. Nxc4 Rfd8 17. Bg3 Qd7 18.
b5 Nb8 19. Rfd1 Qe8 20. Nd4 Ne4 21. Ne5 Nxg3 22. hxg3 Bf6 23. f4 Bxe5 24. fxe5 Nd7 25. Bf3 Bxf3 26. Nxf3 Nc5 27. Rd4 Rd7 28. Rad1 Rcd8 29.
Qe2 Rd5 30. Kh2 R8d7 31. Rxd5 Rxd5 32. Rd4 Qd7 33. Qd1 Rxd4 34. exd4 Nb7 35. Qe2 Na5 36.
Qe4 Qxb5 37. Qe2 Qxe2 38. Nh4 Qe4 39. d5 Qxd5 40. Nf3 Qc5 41. Nh4 Nc6 42. Nf3 Nxe5 43. Nh4 b5 44. Kh3 a5 45. Nf3 b4 46. Nd2 bxa3 47. Ne4 Qd4 48. Nf2 Qxf2 49. Kh4 Qxg2 50.
Kh5 g6+ 51. Kxh6 Qh3+ 52. Kg5 Qg4+ 53. Kf6 Qf5+ 54. Ke7 Qg5+ 55. Ke8 Qxg3 56. Ke7 Qg2 57. Ke8 g5 58. Ke7 g4 59. Kf6 g3 60. Ke7 Qf2 61. Ke8 g2 62. Ke7 g1=Q 63. Kd6 Qd1+ 64. Ke7 Qa7+ 65. Kf6 Qf3+ 66. Kg5 Qg1+ 67. Kh6 Qfh1# 0-1

[Event "*** Titled Tuesday Blitz"]
[Site "Chess.com"]
[Date "2020.03.03"]
[Round "4"]
[White "Keranke"]
[Black "Shield12"]
[Result "1/2-1/2"]
[WhiteElo "2801"]
[BlackElo "2904"]
[TimeControl "180+1"]
[EndTime "9:43:15 PST"]
[Termination "Game drawn - insufficient material"]

1. d4 d5 2. Bf4 Nf6 3. e3 c5 4. Nc3 cxd4 5. exd4 a6 6. Nf3 Nc6 7.
Ne5 e6 8. Nxc6 bxc6 9. Na4 Nd7 10. Bd3 c5 11. dxc5 Nxc5 12. Nxc5 Bxc5 13. Qh5 Bd4 14. c3 Qf6 15. g3 e5 16. cxd4 exf4 17. Qxd5 Ra7 18.
O-O O-O 19. Qe4 g6 20. Qxf4 Qxf4 21. gxf4 Rd8 22. Rac1 Be6 23. Rc6 Rxd4 24. Bxa6 Rxf4 25. Rfc1 Bxa2 26. Bc4 Kg7 27. b3 Rb7 28. Rc3 Bb1 29. f3 Bf5 30. Kg2 h5 31. Bd5 Rd7 32. R6c4 g5 33.
Rxf4 gxf4 34. Rc5 Kf6 35. h4 Ra7 36. b4 Ra1 37. b5 Rb1 38. Bc4 Rb2+ 39. Kg1 Bg6 40.
Rc7 Ke5 41. Bxf7 Bd3 42. Rc5+ Kd4 43. Rxh5 Ke3 44. Bd5 Rb1+ 45. Kh2 Kf2 46. Rg5 Rxb5 47. h5 Ke3 48. h6 Rb6 49. Rh5 Bh7 50. Kh3 Rb1 51.
Kh4 Rg1 52. Be4 Bxe4 53. fxe4 f3 54. h7 Rh1+ 55. Kg5 Rxh5+ 56. Kxh5 f2 57. h8=Q f1=Q 58. Qe5 Qh1+ 59. Kg5 Qxe4 60. Qxe4+ Kxe4 1/2-1/2

[Event "*** Titled Tuesday Blitz"]
[Site "Chess.com"]
[Date "2020.03.03"]
[Round "4"]
[White "yoolund"]
[Black "Kotofeyca"]
[Result "1-0"]
[WhiteElo "2628"]
[BlackElo "2370"]
[TimeControl "180+1"]
[EndTime "9:43:15 PST"]
[Termination "yoolund won by resignation"]

1. d4 d5 2. c4 c6 3. Nc3 Nf6 4. e3 a6 5. Nf3 Bg4 6. h3 Bxf3 7. Qxf3 e6 8. Bd3 Nbd7 9. O-O Bd6 10. b3 O-O 11. Bb2 Qe7 12. Rfd1 b5 13. e4 bxc4 14. bxc4 Rfb8 15. Rab1 Ba3 16. Ba1 dxc4 17.
Bxc4 e5 18. d5 cxd5 19. Nxd5 Nxd5 20. Bxd5 Rxb1 21. Rxb1 Rb8 22. Rxb8+ Nxb8 23. Bxe5 Nd7 24. Ba1 Nf6 25. Bxf6 gxf6 26. Qg3+ Kh8 27. Qb8+ Kg7 28. Qg3+ Kh8 29. Qd3 a5 30. Qb3 Bd6 31. g3 Kg7 32.
Kg2 Bc5 33. Qf3 Qe5 34. Qg4+ Kh8 35. Bxf7 Qg5 36. Qxg5 fxg5 37. f4 h6 38. Kf3 Kg7 39. Bc4 Kf6 40. e5+ Kf5 41. Bd3+ Ke6 42. Bc4+ Kf5 43.
g4+ Kg6 44. f5+ Kg7 45. Ke4 Bb4 46. Kd5 Bc3 47. Ke6 a4 48. Bb5 a3 49. Bc4 Bb2 50. Bb3 Bc3 51. Bd5 Bb2 52. f6+ Kf8 53. Kf5 Bc3 54. e6 Bb4 55. e7+ Bxe7 56. fxe7+ Kxe7 57. Kg6 Kd6 58. Bb3 Kc5 59. Kxh6 Kd4 60. Kxg5 Ke3 61. h4 Kd4 62. h5 Kc5 63. h6 Kd6 64. Kg6 Kc5 1-0

[Event "*** Titled Tuesday Blitz"]
[Site "Chess.com"]
[Date "2020.03.03"]
[Round "4"]
[White "Atanejhad"]
[Black "VALPARAISO37"]
[Result "0-1"]
[WhiteElo "2589"]
[BlackElo "2391"]
[TimeControl "180+1"]
[EndTime "9:43:23 PST"]
[Termination "VALPARAISO37 won on time"]

1. d4 Nf6 2. c4 e6 3. Nc3 Bb4 4.
e3 O-O 5. Ne2 d5 6. a3 Be7 7.
Ng3 Re8 8. Bd3 c6 9. O-O Bd6 10. e4 dxc4 11. Bxc4 e5 12. d5 Bg4 13. f3 Bc5+ 14. Kh1 cxd5 15. Nxd5 Nxd5 16. Bxd5 Bc8 17. b4 Bd4 18. Rb1 Nd7 19. Qb3 Rf8 20. Nf5 Bb6 21.
Rd1 Qf6 22. Be3 Bxe3 23. Qxe3 Nb6 24. Nd6 Rb8 25. Nxc8 Rfxc8 26. Bb3 h5 27. h3 Nc4 28.
Bxc4 Rxc4 29. Qxa7 Rbc8 30. Qxb7 Rc2 31. Qd5 Qf4 32.
b5 Rxg2 33. Qd8+ Rxd8 34. Rxd8+ Kh7 35. Kxg2 Qg5+ 36. Kh1 Qxd8 37. b6 Qd3 38. Rb4 Qxf3+ 39. Kh2 Qf2+ 40. Kh1 Qf1+ 41. Kh2 Qf2+ 42. Kh1 Qf3+ 43.
Kh2 Qxa3 44. Rb5 Qa2+ 45. Kg3 Qa3+ 46. Kh2 Qd3 47. Rxe5 Qd2+ 48. Kg3 Qc3+ 49. Kf4 h4 50. Rb5 Qg3+ 51. Kf5 Qxh3+ 52. Ke5 Qe6+ 53. Kd4 Qd6+ 54.
Kc4 h3 55. b7 Qc7+ 56. Kd4 Qd8+ 57. Ke3 h2 58. Rh5+ Kg6 59. Rxh2 Qb6+ 60. Kf3 Qxb7 61. Rg2+ Kf6 62. Rf2 Ke5 63. Rd2 Qxe4+ 0-1

[Event "*** Titled Tuesday Blitz"]
[Site "Chess.com"]
[Date "2020.03.03"]
[Round "4"]
[White "GodDMuhammad"]
[Black "Hubbery"]
[Result "0-1"]
[WhiteElo "2341"]
[BlackElo "2558"]
[TimeControl "180+1"]
[EndTime "9:43:24 PST"]
[Termination "Hubbery won by checkmate"]

1. f4 b6 2. e4 Bb7 3. d3 d5 4. e5 Nh6 5. Nf3 c5 6. g3 Nf5 7. Bg2 h5 8. O-O e6 9. c3 d4 10. Qe2 Be7 11. Na3 Nc6 12. Bd2 Qd7 13.
Rfd1 dxc3 14. bxc3 O-O-O 15. Be1 Qc7 16. Nb5 Qd7 17. a4 Kb8 18. Bf2 Na5 19. d4 c4 20.
h3 Rc8 21. g4 hxg4 22. hxg4 Nh6 23. Nd2 g5 24. f5 exf5 25. gxf5 Nxf5 26. Ne4 g4 27.
Qxg4 Rcg8 28. Qf4 Nh4 29. e6+ Qd6 30. Nbxd6 Nxg2 31. Qe5 f6 32. Nxf6 Ne3+ 33. Bg3 Bxf6 34. Qxe3 Bh4 35. Nf5+ Bxg3 36. Nxg3 Rh3 37. Qe5+ Kc8 38. d5 Rhxg3+ 39. Kf2 R3g5 40. Qf4 Rxd5 41. Rxd5 Bxd5 42. e7 Kb7 43. Re1 Re8 44. Qd6 Bc6 45.
Re6 Bxa4 46. Qd5+ Ka6 47. Rd6 Rxe7 48. Re6 Rc7 49. Ke3 Rc5 50. Qd8 Bc6 51. Re7 Bb7 52.
Qb8 Rb5 53. Rxb7 Nxb7 54. Kd4 Rb3 55. Qc8 Rb1 56. Kxc4 Ra1 57. Kd5 Ra5+ 58. Kd4 Rc5 59. c4 Rxc8 60. Kc3 Nc5 61. Kb4 Rd8 62. Ka3 Rd3+ 63.
Kb4 Rd4 64. Kc3 Rh4 65. Kb4 Kb7 66. Kb5 a6+ 67. Kb4 a5+ 68. Kb5 Nd7 69. Ka4 Rxc4+ 70. Kb5 Rb4# 0-1

[Event "*** Titled Tuesday Blitz"]
[Site "Chess.com"]
[Date "2020.03.03"]
[Round "4"]
[White "SnekkerAndersen"]
[Black "Irishchessman16"]
[Result "1/2-1/2"]
[WhiteElo "2487"]
[BlackElo "2189"]
[TimeControl "180+1"]
[EndTime "9:43:24 PST"]
[Termination "Game drawn - insufficient material"]

1. d4 Nf6 2. Bf4 d5 3. e3 c5 4. c3 Nc6 5. Nd2 e6 6. Bd3 Bd6 7. Bxd6 Qxd6 8. f4 cxd4 9. cxd4 Nb4 10. Bb1 Qa6 11. Nb3 Bd7 12. a3 Nc6 13. Nc5 Qa5+ 14. Qd2 Qxd2+ 15. Kxd2 b6 16. Nxd7 Kxd7 17. Nf3 Rhc8 18.
b4 a5 19. b5 Ne7 20. Ne5+ Ke8 21. g4 Ne4+ 22. Bxe4 dxe4 23. Rhc1 f6 24. Nc4 Rcb8 25. Nd6+ Kd7 26. Nxe4 Nd5 27. Rc2 f5 28. gxf5 exf5 29. Nc3 Nf6 30. Kd3 Re8 31. Re2 Re6 32. e4 fxe4+ 33.
Nxe4 Nd5 34. Rf1 Rf8 35. f5 Rh6 36. Ng3 Rh4 37. Rff2 Nf4+ 38. Rxf4 Rxf4 39. Rc2 Rf3+ 40. Ke4 Rxa3 41. Rc6 Rb8 42. f6 gxf6 43. Rxf6 a4 44. Rh6 Re8+ 45. Kd5 Re7 46. Rxb6 Ra1 47. Rb7+ Ke8 48.
Rb8+ Kf7 49. Nf5 Rd7+ 50. Nd6+ Kg7 51. b6 Rb1 52. b7 Rb6 53. Ra8 Rbxd6+ 54. Kc5 Rd5+ 55.
Kc6 Rd8 56. b8=Q Rxb8 57. Ra7+ Kg6 58. Kxd5 Rb4 59. Kc5 Rb2 60. h4 Rh2 61. Rxa4 Rxh4 62. Ra6+ Kf5 63. d5 Rh1 64. Ra8 Rc1+ 65. Kd6 h5 66. Rh8 Kg4 67. Ke7 h4 68. d6 h3 69.
d7 Rd1 70. d8=Q Rxd8 71. Kxd8 Kg3 72. Ke7 h2 73. Ke6 Kg2 74. Ke5 h1=Q 75. Rxh1 Kxh1 1/2-1/2

[Event "*** Titled Tuesday Blitz"]
[Site "Chess.com"]
[Date "2020.03.03"]
[Round "4"]
[White "Vusatiuk_Vladimir"]
[Black "joppie2"]
[Result "1-0"]
[WhiteElo "2246"]
[BlackElo "2791"]
[TimeControl "180+1"]
[EndTime "9:43:30 PST"]
[Termination "Vusatiuk_Vladimir won by resignation"]

1. e4 c5 2. Nf3 d6 3. d4 cxd4 4.
Qxd4 Nf6 5. Be2 g6 6. c4 Bg7 7.
Nc3 O-O 8. O-O Nc6 9. Qe3 Ng4 10. Qf4 Nge5 11. Rd1 Nxf3+ 12. Qxf3 Nd4 13. Qd3 e5 14. Be3 a6 15. Bf1 Be6 16. Bxd4 exd4 17. Ne2 Rc8 18. b3 b5 19. cxb5 axb5 20. Nxd4 Bd7 21. a4 b4 22. Rac1 Qg5 23. Rc4 Bg4 24. Be2 Bxe2 25. Nxe2 Qh5 26. Nf4 Qe5 27. Nd5 h5 28. Rxb4 h4 29. Rb7 Qb2 30. Ne7+ Kh7 31. Nxc8 Rxc8 32. Rxf7 Rc2 33. Qh3 Kg8 34. Qe6 Kh7 35. Qe7 Qd4 36. Qxh4+ Kg8 37.
Rxg7+ Kxg7 38. Rf1 Qe5 39. Qg4 Rc7 40. Qe2 Qd4 41. h3 Rc3 42. Rd1 Qb4 43. Qb5 Qa3 44. Qd5 Rxb3 45. Qd4+ Kh6 46. Qxd6 Qxa4 47. Qf4+ Kh7 48.
Rc1 Rb7 49. Rc7+ Rxc7 50. Qxc7+ Kh6 51. Qf4+ Kg7 52. h4 Qd4 53. Kh2 Qd3 54. f3 Qd4 55. Qg5 Qd6+ 56. e5 Qd4 57. Qf6+ Kh7 58. Qg5 Qc3 59. e6 Qc7+ 60. f4 Kg7 61. Qe5+ Qxe5 62. fxe5 Kf8 63. Kg3 Ke7 64. Kg4 Kxe6 65. Kg5 Kxe5 66.
Kxg6 1-0

[Event "*** Titled Tuesday Blitz"]
[Site "Chess.com"]
[Date "2020.03.03"]
[Round "4"]
[White "David_Paravyan"]
[Black "mitrabhaa"]
[Result "1-0"]
[WhiteElo "2833"]
[BlackElo "2636"]
[TimeControl "180+1"]
[EndTime "9:43:38 PST"]
[Termination "David_Paravyan won by checkmate"]

1. d4 Nf6 2. c4 e6 3. g3 c5 4. d5 exd5 5. cxd5 d6 6. Nc3 g6 7. Nf3 Bg7 8. Bg2 O-O 9. O-O Re8 10. Re1 a6 11. a4 Ne4 12. Nxe4 Rxe4 13. Bg5 Qe8 14. Bf4 Qe7 15. Ra3 Nd7 16. Qd2 Nb6 17. Rb3 Nc4 18. Qc1 Na5 19. Rb6 Nc4 20. Nd2 Rxf4 21.
Nxc4 Rf6 22. e4 Qc7 23. a5 Bd7 24. f4 Bb5 25. e5 dxe5 26. d6 Qd8 27. fxe5 Re6 28.
Bd5 Bxc4 29. Qxc4 Rxe5 30. Rf1 Qg5 31. Bxb7 Rf8 32. d7 Qe3+ 33. Kh1 Qd2 34. Bf3 Qxd7 35. Rxa6 Rf5 36. Rb6 Qd2 37. Bg2 Rxf1+ 38. Qxf1 Qxa5 39. Rb7 Qd2 40. b3 Bd4 41. Bd5 Qf2 42. Qxf2 Bxf2 43. Kg2 Bd4 44. Bc4 Kg7 45. Kf3 Kf6 46. h4 h5 47. Rd7 Be5 48. g4 hxg4+ 49. Kxg4 Kg7 50. h5 gxh5+ 51. Kxh5 Kf6 52. Kg4 Rg8+ 53. Kf3 Rg7 54. Ke4 Bd4 55. Kd5 Kg6 56. Bd3+ Kg5 57. b4 cxb4 58.
Kxd4 b3 59. Kc3 Kh6 60. Rd6+ Kh5 61. Rd5+ Kg4 62. Kxb3 Rg5 63. Rd4+ Kg3 64. Kc3 f5 65. Rd5 f4 66. Rxg5+ Kf2 67. Rf5 f3 68. Be4 Ke1 69. Bxf3 Kf2 70. Be4+ Ke1 71. Bd3 Kd1 72. Rf1# 1-0

[Event "*** Titled Tuesday Blitz"]
[Site "Chess.com"]
[Date "2020.03.03"]
[Round "4"]
[White "Philosopherrr"]
[Black "GukeshDommaraju"]
[Result "1/2-1/2"]
[WhiteElo "2390"]
[BlackElo "2641"]
[TimeControl "180+1"]
[EndTime "9:44:23 PST"]
[Termination "Game drawn - insufficient material"]

1. e4 e5 2. Nf3 Nc6 3. Bb5 Nf6 4. O-O Nxe4 5. d4 Nd6 6. dxe5 Nxb5 7. a4 Nbd4 8. Nxd4 d5 9. exd6 Qxd6 10. Nb5 Qxd1 11.
Rxd1 Bd6 12. Nxd6+ cxd6 13. Bf4 Bf5 14. Na3 O-O 15.
Bxd6 Rfe8 16. Re1 Nd4 17. c3 Ne2+ 18. Kh1 Rad8 19. Bc5 Nf4 20. Rxe8+ Rxe8 21. Bxa7 Nd3 22. Nc4 Re2 23. Rd1 Rxf2 24. Ne5 Be4 25. Rxd3 Rf1+ 26.
Bg1 Bxd3 27. Nxd3 Rb1 28. a5 f5 29. g3 g5 30. Kg2 Rd1 31. Nc5 Rd2+ 32. Kf3 Rxb2 33. Be3 h6 34. h4 Rb5 35. hxg5 hxg5 36. Ne6 g4+ 37. Kf4 Rxa5 38. Nd4 Rc5 39. Bd2 Rd5 40.
Be1 Kf7 41. Nxf5 Rd1 42. Bf2 Rf1 43. Ke3 Kg6 44. Nh4+ Kg5 45. Ke2 Ra1 46. Be3+ Kf6 47. Ng2 Ra2+ 48. Bd2 Kf5 49. Kd3 Ke6 50. Ne3 Ra4 51. c4 Ra3+ 52. Bc3 Ra2 53. Nxg4 Rg2 54. Ne3 Rxg3 55. Ke4 Rg1 56. Bd4 Rc1 57. Kd3 Rb1 58. Nc2 Rb3+ 59. Bc3 Kd7 60. Nd4 Rb1 61. c5 Rh1 62.
Kc4 Kc8 63. Bb4 Rh4 64. Kd5 Rh3 65. Bd2 Rd3 66. Bf4 Rd1 67. Kc4 Rf1 68. Bg5 Rg1 69. Be3 Rg3 70. Nf5 Rf3 71. Nd6+ Kc7 72. Bd4 Kc6 73.
Nb5 Rf4 74. Na7+ Kd7 75. Kd5 Rf5+ 76. Be5 Rf1 77. Nb5 Rd1+ 78. Bd4 Rd2 79. Nd6 Kc7 80. Kc4 Rd1 81. Be5 Kc6 82. Nb5 Rc1+ 83. Bc3 Rh1 84.
Nd4+ Kd7 85. Ba5 Rh5 86. Bb6 Rh4 87. Ba5 Rh5 88. Bc3 Rh4 89. Kd5 Rh3 90. Bb4 Rh1 91. c6+ bxc6+ 92. Nxc6 Rb1 93. Nd4 Rxb4 94. Kc5 Rb1 95.
Nb5 Rd1 96. Nc3 Ke6 97. Nxd1 1/2-1/2

[Event "*** Titled Tuesday Blitz"]
[Site "Chess.com"]
[Date "2020.03.03"]
[Round "5"]
[White "LawrenceTrent"]
[Black "VitaliyBernadskiy"]
[Result "0-1"]
[WhiteElo "2595"]
[BlackElo "2795"]
[TimeControl "180+1"]
[EndTime "9:46:27 PST"]
[Termination "VitaliyBernadskiy won by resignation"]

1. d4 Nf6 2. Nc3 d5 3. Bf4 e6 4. e3 Bb4 5. g4 O-O 6. g5 Ne4 7. Qd3 b6 8. Ne2 Ba6 9. Qd1 Bxe2 10. Bxe2 Nxc3 11. Qd2 Nxe2 0-1

[Event "*** Titled Tuesday Blitz"]
[Site "Chess.com"]
[Date "2020.03.03"]
[Round "5"]
[White "Terao90"]
[Black "ZEN-22"]
[Result "1-0"]
[WhiteElo "2412"]
[BlackElo "2221"]
[TimeControl "180+1"]
[EndTime "9:46:45 PST"]
[Termination "Terao90 won by resignation"]

1. e4 b6 2. d4 Bb7 3. Nc3 e6 4. a3 Nf6 5. Bd3 d5 6. exd5 Nxd5 7. Nxd5 Qxd5 8. Nf3 Bd6 9. O-O Qh5 10. h3 Bxf3 11.
Qxf3 Qxf3 12. gxf3 c5 13. Be4 cxd4 14. Bxa8 Ke7 15.
Be4 f5 16. Bd3 Nd7 17. f4 Kf6 18. Re1 h6 19. Bd2 g5 20. Bc4 Re8 21. Bb5 Re7 22. Bxd7 Rxd7 23. fxg5+ hxg5 24. c3 Bc5 25. cxd4 Bxd4 26.
Bc3 Bxc3 27. bxc3 Rd3 28. Rad1 Rxc3 29. Rd6 Rxh3 30. Rdxe6+ Kf7 31. Re7+ Kf8 32. Rxa7 Rb3 33. Rc1 Re3 34. fxe3 1-0

[Event "*** Titled Tuesday Blitz"]
[Site "Chess.com"]
[Date "2020.03.03"]
[Round "5"]
[White "lelya96"]
[Black "kingofthenil"]
[Result "0-1"]
[WhiteElo "2298"]
[BlackElo "2569"]
[TimeControl "180+1"]
[EndTime "9:46:48 PST"]
[Termination "kingofthenil won by resignation"]

1. e4 c5 2. Nf3 a6 3. d4 cxd4 4. Nxd4 Nf6 5. Bd3 e5 6. Nb3 Nc6 7. O-O Be7 8. Be3 O-O 9. Kh1 d5 10. N1d2 d4 11. Bg5 h6 12. Bxf6 Bxf6 13. c3 dxc3 14.
Nf3 cxb2 15. Rb1 Qe7 16. Qe2 Rd8 17. Bc4 Bg4 18. Rxb2 Na7 19. Bd5 Nc6 20. h3 Bh5 21. Qe3 Rac8 22. Nc5 Bxf3 23. gxf3 Bg5 24. Qa3 Nd4 25.
Rc1 Bxc1 0-1

[Event "*** Titled Tuesday Blitz"]
[Site "Chess.com"]
[Date "2020.03.03"]
[Round "5"]
[White "Vyacheslav_N"]
[Black "Pultis"]
[Result "0-1"]
[WhiteElo "2564"]
[BlackElo "2784"]
[TimeControl "180+1"]
[EndTime "9:47:47 PST"]
[Termination "Pultis won by resignation"]

1. e4 c6 2. d4 d5 3. Nd2 dxe4 4. Nxe4 Bf5 5. Ng3 Bg6 6. h4 h6 7. Nf3 Nd7 8. h5 Bh7 9. Bd3 Bxd3 10. Qxd3 e6 11. Bf4 Ngf6 12. O-O-O Nd5 13. Bd2 b5 14. Ne4 a5 15. g4 a4 16. Ne5 Nxe5 17. dxe5 a3 18.
b3 Qc7 19. Nd6+ Bxd6 20. exd6 Qxd6 21. c4 Qe5 22. Qc2 bxc4 23. bxc4 Rb8 0-1

[Event "*** Titled Tuesday Blitz"]
[Site "Chess.com"]
[Date "2020.03.03"]
[Round "5"]
[White "iturrizaga"]
[Black "ckgchess"]
[Result "1-0"]
[WhiteElo "2967"]
[BlackElo "2688"]
[TimeControl "180+1"]
[EndTime "9:47:50 PST"]
[Termination "iturrizaga won by resignation"]

1. c4 g6 2. g3 Bg7 3. Bg2 e5 4. Nc3 c5 5. h4 Nf6 6. d3 Nc6 7. Bd2 d6 8. a3 a5 9. e3 O-O 10.
Nge2 Bg4 11. Qa4 Re8 12. Nd5 Nxd5 13. cxd5 Ne7 14. Qxg4 1-0

[Event "*** Titled Tuesday Blitz"]
[Site "Chess.com"]
[Date "2020.03.03"]
[Round "5"]
[White "RestartingChess"]
[Black "Art_Vandelay1980"]
[Result "0-1"]
[WhiteElo "2389"]
[BlackElo "2772"]
[TimeControl "180+1"]
[EndTime "9:48:00 PST"]
[Termination "Art_Vandelay1980 won by resignation"]

1. e4 e5 2. Nc3 Nf6 3. Bc4 Nc6 4. d3 Na5 5. Bb3 Nxb3 6. axb3 d5 7. exd5 Nxd5 8. Nf3 Nxc3 9. bxc3 Bd6 10. O-O O-O 11. h3 a5 12. Re1 Re8 13. Ba3 b6 14. Bxd6 Qxd6 15. d4 e4 16. Ng5 Qg6 17. Nxe4 Rxe4 18. Qf3 Bb7 19. Qg3 Qxg3 20. fxg3 Rae8 21. Rxe4 Bxe4 22.
Kf2 Bxc2 23. b4 a4 24. c4 Bb3 25. c5 b5 26. Kf3 Bd5+ 27. Kf2 h5 28. h4 Re4 29. Rd1 a3 30. Ra1 a2 0-1

[Event "*** Titled Tuesday Blitz"]
[Site "Chess.com"]
[Date "2020.03.03"]
[Round "5"]
[White "NemtsevIgor"]
[Black "NM2019"]
[Result "1-0"]
[WhiteElo "2354"]
[BlackElo "2001"]
[TimeControl "180+1"]
[EndTime "9:48:13 PST"]
[Termination "NemtsevIgor won by resignation"]

1. d4 c5 2. c3 Nf6 3. Bf4 d5 4. e3 Nc6 5. Nd2 Bf5 6. Ngf3 e6 7. Nh4 Bg6 8. Nxg6 hxg6 9. Qb3 Qb6 10. h3 c4 11. Qc2 Qd8 12. e4 Nh5 13. Bh2 Bd6 14.
e5 Bc7 15. g4 Nf6 16. exf6 gxf6 17. Bxc7 Qxc7 18. Bg2 b5 19. O-O O-O-O 20. f4 b4 21. Qa4 Kb8 22. Nxc4 dxc4 23. Qxc6 Qxc6 24. Bxc6 1-0

[Event "*** Titled Tuesday Blitz"]
[Site "Chess.com"]
[Date "2020.03.03"]
[Round "5"]
[White "adricalderon8"]
[Black "FairChess_on_YouTube"]
[Result "0-1"]
[WhiteElo "2413"]
[BlackElo "3040"]
[TimeControl "180+1"]
[EndTime "9:48:42 PST"]
[Termination "FairChess_on_YouTube won by resignation"]

1. e4 c5 2. Nf3 e6 3. d4 cxd4 4. Nxd4 Nc6 5. Nc3 Qc7 6. Be3 a6 7. Qf3 Nf6 8. O-O-O Rb8 9. g4 Ne5 10. Qg3 Nfxg4 11. Bf4 d6 12. f3 Nf6 13. Be3 b5 14. Kb1 b4 15. Nce2 g6 16. Nc1 Bg7 17. f4 Nxe4 18. Qe1 Nc4 19. Bxc4 Qxc4 20. h4 h5 21. Rg1 O-O 22. f5 exf5 23. Nf3 Re8 24. Nd3 Be6 25.
b3 Nc3+ 26. Kb2 Nxd1+ 27. Kb1 0-1

[Event "*** Titled Tuesday Blitz"]
[Site "Chess.com"]
[Date "2020.03.03"]
[Round "5"]
[White "Indianlad"]
[Black "Atakishiyev04"]
[Result "0-1"]
[WhiteElo "2942"]
[BlackElo "2703"]
[TimeControl "180+1"]
[EndTime "9:48:46 PST"]
[Termination "Atakishiyev04 won by checkmate"]

1. c4 Nf6 2. Nc3 g6 3. e4 d6 4. d4 Bg7 5. f3 O-O 6. Nge2 c5 7. d5 e6 8. Ng3 exd5 9. cxd5 a6 10. a4 h5 11. Bg5 Qb6 12. Qd2 Nbd7 13. Be2 Re8 14. a5 Qc7 15. O-O b5 16. axb6 Qxb6 17.
Ra2 Nh7 18. Be3 Rb8 19. Rfa1 h4 20. Nh1 h3 21. gxh3 Ndf6 22. Nf2 Ra8 23. Kh1 Nh5 24.
f4 Bb7 25. Bxh5 gxh5 26. Rg1 Kh8 27. b4 Qxb4 28. Rxg7 Kxg7 29. Rb2 Qc4 30. Rxb7 Qf1# 0-1

[Event "*** Titled Tuesday Blitz"]
[Site "Chess.com"]
[Date "2020.03.03"]
[Round "5"]
[White "NiranjanNavalgund"]
[Black "norwaytoadog"]
[Result "1-0"]
[WhiteElo "2416"]
[BlackElo "2244"]
[TimeControl "180+1"]
[EndTime "9:49:16 PST"]
[Termination "NiranjanNavalgund won by resignation"]

1. d4 Nf6 2. g4 Nxg4 3. e4 d6 4. Nc3 e5 5. Nf3 g6 6. Rg1 Nc6 7. d5 Ne7 8. Bb5+ c6 9. dxc6 bxc6 10. Bc4 Bg7 11. Ng5 Nh6 12. Be3 O-O 13. Qf3 Kh8 14. O-O-O f6 15. Ne6 Bxe6 16. Bxe6 f5 17. Qh3 f4 18. Bc5 d5 19. exd5 cxd5 20. Nxd5 Nef5 21. Bxf8 Qxf8 22. Nc7 Rb8 23. Bxf5 Nxf5 24. Ne6 Qb4 25. Qb3 Nd4 26. Qxb4 Rxb4 27. c3 Ne2+ 28. Kc2 Nxg1 29. Rd8+ 1-0

[Event "*** Titled Tuesday Blitz"]
[Site "Chess.com"]
[Date "2020.03.03"]
[Round "5"]
[White "Sanan_Sjugirov"]
[Black "lasayon"]
[Result "1-0"]
[WhiteElo "2830"]
[BlackElo "2631"]
[TimeControl "180+1"]
[EndTime "9:49:28 PST"]
[Termination "Sanan_Sjugirov won on time"]

1. e4 c6 2. d4 d5 3. e5 Bf5 4.
Nf3 e6 5. Be2 Nd7 6. O-O Bg6 7.
Nbd2 Nh6 8. Nb3 Nf5 9. Bd2 Be7 10. g4 Nh4 11. Nxh4 Bxh4 12. f4 f5 13. exf6 Bxf6 14. g5 Be7 15. Bh5 Nf8 16. Qe2 Kd7 17. Bxg6 hxg6 18. Rae1 Bd6 19. a3 Qe7 20. Bb4 b6 21. Bxd6 Qxd6 22. Nd2 Kc7 23. Nf3 1-0

[Event "*** Titled Tuesday Blitz"]
[Site "Chess.com"]
[Date "2020.03.03"]
[Round "5"]
[White "vovachesss"]
[Black "politeplayer"]
[Result "1-0"]
[WhiteElo "2569"]
[BlackElo "2270"]
[TimeControl "180+1"]
[EndTime "9:49:28 PST"]
[Termination "vovachesss won by resignation"]

1. e4 c5 2. d4 cxd4 3. c3 Nf6 4. e5 Nd5 5. Nf3 e6 6. Bc4 d6 7. Bxd5 exd5 8. cxd4 Nc6 9. Nc3 Bg4 10. O-O Bxf3 11. Qxf3 Nxd4 12. Qxd5 dxe5 13. Qxe5+ Ne6 14. Rd1 Qc7 15. Qe4 Bc5 16. Nd5 Qc6 17. b4 Bb6 18.
Bb2 f6 19. Rac1 Kf7 20. Rxc6 bxc6 21. Nxf6 Ng5 22. Rd7+ Kf8 1-0

[Event "*** Titled Tuesday Blitz"]
[Site "Chess.com"]
[Date "2020.03.03"]
[Round "5"]
[White "VerdeNotte"]
[Black "MiroVlasenko"]
[Result "1-0"]
[WhiteElo "2819"]
[BlackElo "2629"]
[TimeControl "180+1"]
[EndTime "9:49:32 PST"]
[Termination "VerdeNotte won by resignation"]

1. e4 Nc6 2. d4 d5 3. e5 Bf5 4.
Bb5 e6 5. Ne2 Ne7 6. Ng3 Bg6 7.
Bg5 Qd7 8. Nd2 a6 9. Bxe7 Bxe7 10. Bxc6 Qxc6 11. c3 h5 12. h4 Qd7 13. b4 a5 14. a3 Qb5 15. Ne2 b6 16. a4 Qd3 17.
Rh3 Qf5 18. b5 f6 19. Rf3 Qc2 20. Nf4 Qxd1+ 21. Kxd1 Bf5 22. Nxd5 Bd8 23. Ne3 Bg6 24. Rg3 Kf7 25. Nf3 Be7 26. Kd2 Rhd8 27. Nc4 Rac8 28. exf6 gxf6 29. Nfe5+ 1-0

[Event "*** Titled Tuesday Blitz"]
[Site "Chess.com"]
[Date "2020.03.03"]
[Round "5"]
[White "dlp300"]
[Black "Dino_Ballecer"]
[Result "0-1"]
[WhiteElo "2671"]
[BlackElo "2521"]
[TimeControl "180+1"]
[EndTime "9:49:33 PST"]
[Termination "Dino_Ballecer won by resignation"]

1. e4 c5 2. Nf3 d6 3. d4 cxd4 4. Nxd4 Nf6 5. Nc3 g6 6. h3 Bg7 7. g4 O-O 8. Bg2 Nc6 9. Nde2 Be6 10. O-O Bc4 11. f4 d5 12. e5 Ne4 13. Nxe4 dxe4 14.
Qxd8 Raxd8 15. Re1 f5 16. exf6 exf6 17. Bxe4 Rfe8 18. b3 Rxe4 19. bxc4 Nd4 20. Nxd4 Rxe1+ 21. Kf2 Rxc1 22. Rxc1 Rxd4 23. Ke3 Rxc4 24. c3 Kf7 0-1

[Event "*** Titled Tuesday Blitz"]
[Site "Chess.com"]
[Date "2020.03.03"]
[Round "5"]
[White "Eraschenkov"]
[Black "inegrepus"]
[Result "1-0"]
[WhiteElo "2576"]
[BlackElo "2273"]
[TimeControl "180+1"]
[EndTime "9:49:43 PST"]
[Termination "Eraschenkov won by checkmate"]

1. c4 e6 2. Nc3 Nf6 3. e4 d6 4. d4 Be7 5. f4 O-O 6. Nf3 c5 7. Be2 cxd4 8. Nxd4 Nc6 9. Nc2 a6 10. O-O Qc7 11. Be3 b6 12. Rc1 Bb7 13. Qd2 Rac8 14.
Rfd1 Rfd8 15. Bf3 Nd7 16. Qf2 Ba8 17. b4 Bf6 18. Na4 Rb8 19. b5 axb5 20. cxb5 Na5 21. Nb4 Qa7 22. Na6 Rb7 23. Rxd6 Nc5 24. Rxd8+ Bxd8 25. N4xc5 bxc5 26. Bxc5 Bb6 27. Bxb6 Rxb6 28. Rc8# 1-0